Map: King Sejong Station LE

Players

GeneralChaos

  • Race: Zerg Zerg
  • Spawn Location: 11:00

Fropez - Winner!

  • Race: Protoss Protoss
  • League: Gold
  • Spawn Location: 5:00

VOD

Have the link to the VOD?

Description

Time

  • Played on: Oct. 18, 2016, 6:48 p.m.
  • Length: 11:17
Show
View Real Time Build Order
Export as new Build Order

GeneralChaos Zerg 

Build Orders: Hatch First 

Get SALT Encoding   

  12  0:17  Drone  
  12  0:18  Overlord  
  12  0:19  Drone  
  14  0:45  Hatchery  
  13  0:53  Drone x2  
  13  0:56  Drone  
  16  1:19  Spawning Pool  
  16  1:21  Drone x2  
  17  1:27  Extractor  
  17  1:28  Extractor, Drone  
  16  1:46  Drone  
  17  2:00  Drone x2  
  17  2:01  Drone  
  20  2:11  Queen  
  20  2:13  Queen  
  24  2:29  Zergling x6  
  28  2:30  Zergling x2  
  28  2:35  Metabolic Boost  
  28  2:42  Overlord  
  28  3:06  Evolution Chamber  
  28  3:07  Zergling x12  
  33  3:24  Drone x2  
  33  3:26  Drone  
  36  3:47  Overlord x2  
  36  3:48  Overlord  
  36  4:09  Drone  
  36  4:10  Drone x9  
  43  4:34  Zergling x2  
  43  4:35  Zergling x8  
  46  4:45  Zerg Melee Weapons Level 1  
  45  4:46  Lair  
  45  4:51  Queen  
  43  5:03  Zergling x14  
  50  5:23  Baneling Nest  
  50  5:26  Drone x8  
  50  5:50  Extractor  
  50  5:51  Extractor  
  43  5:58  Zergling x2  
  43  5:59  Zergling x14  
  43  6:03  Hatchery  
  50  6:11  Centrifical Hooks  
  50  6:20  Spire  
  50  6:24  Spire  
  48  6:33  Zergling x4  
  48  6:34  Zergling x8  
  54  6:45  Queen x2  
  58  7:17  Zerg Melee Weapons Level 2  
  58  7:20  Baneling  
  58  7:21  Baneling x21  
  58  7:27  Zergling x2  
  58  7:28  Zergling x14  
  66  7:30  Overlord x3  
  52  7:58  Drone x3  
  53  7:59  Drone x9  
  53  8:03  Overlord  
  64  8:18  Zerg Flyer Armor Level 1, Zerg Flyer Weapons Level 1  
  64  8:25  Drone x2  
  64  8:26  Drone x3  
  69  8:27  Drone  
  69  8:30  Extractor  
  69  8:31  Extractor  
  68  8:47  Drone x2  
  59  9:01  Zergling x20  
  49  9:18  Zergling x2  
  49  9:19  Zergling x18  
  54  9:35  Drone x5  
  59  9:44  Drone x4  
  63  9:54  Drone x3  
  66  10:18  Baneling x14  
  66  10:19  Baneling x18  
  54  10:23  Zergling x2  
  54  10:24  Zergling x2  
  42  10:37  Zergling x2  
  42  10:38  Zergling x6  
Show
View Real Time Build Order
Export as new Build Order

Fropez Protoss - Winner!

Build Orders: 1 Gate Expand 

Get SALT Encoding   

  12  0:01  Probe (Chrono Boost)  
  13  0:12  Probe (Chrono Boost)  
  14  0:19  Pylon  
  14  0:22  Probe (Chrono Boost)  
  15  0:31  Assimilator  
  15  0:37  Probe (Chrono Boost)  
  16  0:45  Gateway  
  16  0:48  Probe (Chrono Boost)  
  17  0:58  Probe (Chrono Boost)  
  17  1:03  Gateway  
  18  1:09  Probe (Chrono Boost)  
  19  1:16  Pylon  
  19  1:19  Probe (Chrono Boost)  
  19  1:21  Assimilator  
  20  1:43  Nexus  
  20  1:52  Probe (Chrono Boost)  
  21  2:00  Pylon  
  21  2:02  Pylon  
  21  2:03  Probe (Chrono Boost)  
  22  2:13  Probe (Chrono Boost)  
  22  2:14  Assimilator  
  23  2:35  Probe (Chrono Boost)  
  24  2:45  Probe (Chrono Boost)  
  25  3:02  Probe (Chrono Boost)  
  25  3:03  Probe (Chrono Boost)  
  27  3:05  Gateway  
  27  3:07  Gateway  
  27  3:09  Gateway  
  27  3:12  Cybernetics Core  
  27  3:16  Forge  
  27  3:19  Probe (Chrono Boost)  
  28  3:22  Probe (Chrono Boost)  
  30  3:34  Probe (Chrono Boost)  
  30  3:36  Pylon  
  30  3:37  Probe (Chrono Boost)  
  31  3:45  Pylon  
  31  3:52  Probe (Chrono Boost)  
  31  3:54  Warp Gate (Chrono Boost)  
  34  3:56  Mothership Core (Chrono Boost)  
  34  4:00  Adept  
  35  4:03  Probe (Chrono Boost)  
  30  4:10  Adept  
  32  4:19  Probe (Chrono Boost)  
  32  4:37  Adept, Pylon  
  35  4:47  Adept  
  34  5:05  Probe  
  34  5:07  Probe, Protoss Ground Weapons Level 1  
  35  5:09  Adept  
  35  5:11  Pylon  
  35  5:13  Pylon  
  36  5:14  Assimilator  
  36  5:16  Probe  
  37  5:23  Probe  
  37  5:26  Probe  
  39  5:28  Twilight Council  
  39  5:42  Probe  
  40  5:45  Probe  
  37  5:59  Probe  
  37  6:00  Probe  
  39  6:07  Gateway  
  39  6:08  Gateway  
  39  6:10  Pylon  
  39  6:15  Pylon  
  39  6:19  Probe x2  
  39  6:21  Adept x2  
  39  6:23  Resonating Glaives (Chrono Boost)  
  45  6:31  Probe  
  46  6:33  Probe  
  46  6:35  Pylon  
  47  6:43  Probe  
  48  6:47  Adept x2  
  48  6:49  Adept  
  54  6:56  Probe  
  54  6:57  Probe  
  56  7:07  Robotics Facility  
  56  7:08  Probe  
  56  7:10  Probe  
  56  7:11  Assimilator  
  58  7:18  Protoss Ground Weapons Level 2  
  58  7:27  Adept x3  
  58  7:28  Adept x2  
  68  7:35  Probe x2  
  70  7:47  Probe  
  65  7:58  Adept x3  
  71  8:08  Gateway  
  71  8:10  Gateway  
  71  8:11  Immortal (Chrono Boost)  
  75  8:15  Pylon  
  75  8:17  Pylon  
  75  8:27  Pylon  
  75  8:31  Blink (Chrono Boost)  
  71  9:06  Adept x2  
  71  9:07  Adept x2  
  77  9:15  Pylon  
  75  9:17  Photon Cannon  
  75  9:21  Photon Cannon  
  73  9:25  Probe x2  
  73  9:30  Pylon  
  69  9:33  Observer (Chrono Boost)  
  69  9:35  Adept x3  
  69  9:36  Adept x3  
  69  9:37  Probe x2  
  84  9:49  Gateway  
  84  9:50  Gateway  
  84  9:52  Probe  
  85  9:53  Probe  
  85  9:57  Photon Cannon  
  85  10:02  Adept x2  
  61  10:57  Adept x6  
  63  11:01  Nexus  
  63  11:03  Assimilator  
  73  11:08  Assimilator  
  73  11:11  Pylon  
  73  11:12  Pylon  
Tags
 
Add a new tag
Caveats
  • Supply blocks, unpowered buildings, or Contaminate may cause inaccurate times.
  • Supply counts are checked every 10 seconds.